 Dungeon Crawl Stone Soup version 0.29-a0-41-g89e12c0570 (webtiles) character file.

Game seed: 6657027750862418675

16 Destapler the Grave Robber (level 2, 15/22 HPs)
             Began as a Deep Dwarf Necromancer on Feb 2, 2022.
             Was a Follower of Wu Jian.
             Got out of the dungeon alive.
             The game lasted 00:01:53 (895 turns).

Destapler the Grave Robber (Deep Dwarf Necromancer)  Turns: 895, Time: 00:01:53

Health: 15/22      AC:  3    Str: 11    XL:     2   Next: 41%
Magic:  4/4        EV: 12    Int: 15    God:    Wu Jian [*.....]
Gold:   69         SH:  0    Dex: 13    Spells: 3/4 levels left

rFire   . . .      SeeInvis .   d - +0 dagger
rCold   . . .      Faith    .   (no shield)
rNeg    . . .      Spirit   .   a - +0 robe
rPois   .          Reflect  .   (no helmet)
rElec   .          Harm     .   (no cloak)
rCorr   .          Rampage  .   h - +0 pair of gloves
Will    .....                   (no boots)
Stlth   ++........              (no amulet)
HPRegen 0.00/turn               (no ring)
MPRegen 0.09/turn               (no ring)

@: no status effects
A: damage resistance, heal wounds, sense surroundings 1, no regeneration
a: Heal Wounds, Renounce Religion


You escaped.
You worshipped Wu Jian.
Wu Jian was aware of your devotion.
You visited 1 branch of the dungeon, and saw 1 of its levels.

You collected 69 gold pieces.

Inventory:

Hand Weapons
 d - a +0 dagger (weapon)
Armour
 a - a +0 robe (worn)
 h - a +0 pair of gloves (worn)
Scrolls
 b - a scroll of identify {unknown}
Potions
 c - a potion of mutation {unknown}
 e - a potion of cancellation {unknown}
 f - a potion of invisibility {unknown}
 g - a potion of resistance {unknown}


   Skills:
 + Level 0.3 Fighting
 + Level 0.4 Maces & Flails
 + Level 0.5 Armour
 + Level 2.3 Dodging
 + Level 2.8 Stealth
 + Level 0.4 Shields
 + Level 1.9 Spellcasting
 + Level 4.4 Necromancy


You had 3 spell levels left.
You knew the following spells:

 Your Spells              Type           Power      Damage    Failure   Level
a - Pain                  Necr           56%        1d6       3%          1

Your spell library contained the following spells:

 Spells                   Type           Power      Damage    Failure   Level
 Animate Skeleton         Necr           28%        N/A       3%          1
 Vampiric Draining        Necr           14%        2d7       11%         3
 Animate Dead             Necr           7%         N/A       34%         4
 Agony                    Necr           14%        N/A       69%         5


Dungeon Overview and Level Annotations

Branches:
Dungeon (1/15)

Altars:
Wu Jian


Innate Abilities, Weirdness & Mutations

You are resistant to damage.
You can heal yourself by infusing magical energy.
You passively map a small area around you.
You do not regenerate.


Message History

A hobgoblin comes into view.
The giant cockroach bites you.
There is a dry fountain here.
The giant cockroach barely misses you.
Found a faded altar of an unknown god.
The giant cockroach bites you but does no damage.
There is a faded altar of an unknown god here.
You cannot tell which god this altar belongs to.
Convert to them anyway?
Wu Jian accepts your prayer! The Council welcomes you!
You can now perform damaging attacks by moving towards foes.
You can now lightly attack monsters by moving around them.
The giant cockroach closely misses you.
The giant cockroach writhes in agony.
The giant cockroach barely misses you.
The giant cockroach writhes in agony.
You kill the giant cockroach!
The Council accepts your kill.
You can't see any susceptible monsters within range! (Use Z to cast anyway.)
You can't see any susceptible monsters within range! (Use Z to cast anyway.)
You see here a giant cockroach corpse.
You enter the shallow water.
Moving in this stuff is going to be slow.
A goblin comes into view. It is wielding a +0 club.
The goblin shouts!
A goblin is nearby!
The goblin writhes in agony.
The goblin writhes in agony.
You kill the goblin!
The Council accepts your kill.
You now have 53 gold pieces (gained 8).
You see here a +0 club.
You now have 69 gold pieces (gained 16).
Done exploring.
Done exploring.
Done exploring.
There is an open door here.
You see here a +0 long sword.
There is a staircase leading out of the dungeon here.
Are you sure you want to leave the Dungeon?
This will make you lose the game!
You have escaped!

# ####### #... # ###. #
############### #.. #
#####.............##### #.. #
###..........⌠..........####..
####...⌠.................⌠...##†.
.##........⌠.........⌠........##.
.#.............................#.
.#...⌠.(........@..........⌠...#.
.#.............................#.
.##........⌠.........⌠........##.
..##...⌠^)...............⌠...##..
...###..........⌠..........###...
.#...##'##.............##'##...#.
.###.....###############.....####
## ###.....................###...
######.....................# #.##


There were no monsters in sight!

Vanquished Creatures
  A bat (D:1)
  5 endoplasms (D:1)
  A giant cockroach (D:1)
  A goblin (D:1)
  2 hobgoblins (D:1)
  A kobold (D:1)
  A ball python (D:1)
  A rat (D:1)
13 creatures vanquished.

Vanquished Creatures (others)
  A plant (D:1)
1 creature vanquished.

Grand Total: 14 creatures vanquished

Notes
Turn   | Place    | Note
-------+----------+-------------------------------------------
     0 | D:1      | Destapler the Deep Dwarf Necromancer began the quest for
                  | the Orb.
     0 | D:1      | Reached XP level 1. HP: 15/15 MP: 3/3
   353 | D:1      | Reached XP level 2. HP: 16/22 MP: 2/4
   747 | D:1      | Found a faded altar of an unknown god.
   751 | D:1      | Prayed at the altar of an unknown god.
   751 | D:1      | Became a worshipper of the Wu Jian Council
   751 | D:1      | Reached * piety under Wu Jian
   895 | D:$      | Got out of the dungeon alive.

Illustrated notes

Levels and vault maps discovered:
D:1:      dpeg_arrival_water_temple_mockup, layout_basic,
          shapermc_ecumenical_altar_acropolis

Action                   || total
-------------------------++-------
Melee: Dagger            ||     3
       Unarmed           ||     2
 Cast: Pain              ||    22
 Stab: Sleeping          ||     1
Armor: Robe              ||     4
Dodge: Dodged            ||    12

Table legend: (Time is in decaauts)
 A = Elapsed time spent in this place.
 B = Non-inter-level travel time spent in this place.
 C = Inter-level travel time spent in this place.
 D = Time resting spent in this place.
 E = Time spent auto-exploring this place.
 F = Levels seen in this place.
 G = Mean time per level.
                   A        B        C        D        E       F      G
               +--------+--------+--------+--------+--------+-----+--------+
         Total |    895 |    846 |     49 |     10 |    730 |   1 |  895.0 |
       Dungeon |    895 |    846 |     49 |     10 |    730 |   1 |  895.0 |
               +--------+--------+--------+--------+--------+-----+--------+

Top non-repeatable levels by time:
     D:1: 895 daAuts
